 Dungeon Crawl Stone Soup version 0.17-a0-1570-g74b7129 (webtiles) character file.

4518 Leibowitz the Spear-Bearer (level 10, -7/115 HPs)
             Began as a Merfolk Gladiator on July 23, 2015.
             Was a Believer of Okawaru.
             Mangled by a spiny frog (14 damage)
             ... on level 1 of the Lair of Beasts.
             The game lasted 01:08:59 (8718 turns).

Leibowitz the Spear-Bearer (Merfolk Gladiator)      Turns: 8718, Time: 01:08:59

Health: -7/115     AC: 25    Str: 26    XL:     10   Next: 39%
Magic:  11/11      EV:  2    Int: 10    God:    Okawaru [**....]
Gold:   307        SH:  0    Dex: 17    Spells: 0 memorised, 9 levels left

rFire  . . .     SeeInvis +     L - +11 scythe of Floods {slice, rC- Str+9 SInv}
rCold  x . .     Clarity  +     (armour currently unavailable)
rNeg   + + +     SustAt   .     (no shield)
rPois  +         Gourm    .     (helmet currently unavailable)
rElec  .         Spirit   .     (cloak currently unavailable)
rCorr  .         Warding  .     (gloves currently unavailable)
rMut   .         NoTele   +     (boots currently unavailable)
MR     .....                    I - amulet of clarity
Stlth  +++++.....               v - +3 ring of intelligence
                                R - ring of stealth

@: tree-form, not resistant to hostile enchantments, quite stealthy
A: (change form in water), (swift swim), (horns 0)
a: Heroism, Renounce Religion


You were on level 1 of the Lair of Beasts.
You worshipped Okawaru.
Okawaru was pleased with you.
You were near starving.
You were a tree.
You visited 3 branches of the dungeon, and saw 10 of its levels.
You also visited: Sewer.

You collected 577 gold pieces.
You spent 270 gold pieces at shops.

Inventory:

Hand weapons
 a - a +1 trident of venom
 b - a +2 dagger of venom
 y - a +0 blowgun
 L - the +11 scythe of Floods (weapon) {slice, rC- Str+9 SInv}
   (You bought it in a shop on level 8 of the Dungeon)

   It inflicts extra damage upon your enemies.
   It affects your strength (+9).
   It makes you vulnerable to cold.
   It lets you see invisible.
 P - a +1 spear of freezing
Missiles
 d - a throwing net (quivered)
 j - 2 curare-tipped needles
 s - 4 javelins
 w - 24 poisoned needles
Armour
 m - a +1 robe of magic resistance
 u - a +2 buckler of fire resistance
 E - a +1 leather armour of fire resistance
 F - a +1 ring mail of poison resistance (melded)
 K - a +4 scale mail of cold resistance
 M - a +0 pair of gloves (melded)
 N - a +1 cloak (melded)
Jewellery
 t - an uncursed amulet of resist corrosion
 v - a +3 ring of intelligence (right branch)
 I - an amulet of clarity (around neck)
 R - a ring of stealth (left branch)
Magical devices
 c - a wand of cold (11)
 o - a wand of random effects (4)
 H - a wand of fire (8)
Scrolls
 f - 5 scrolls of enchant armour
 k - a scroll of amnesia
 n - 4 scrolls of remove curse
 r - 7 scrolls of identify
 B - 3 scrolls of teleportation
 J - a scroll of brand weapon {unknown}
Potions
 e - 2 potions of curing
 l - a potion of magic
 p - a potion of cancellation
 x - a potion of haste
 z - a potion of poison
 C - 6 potions of flight
Comestibles
 h - 3 meat rations
 i - a slice of pizza
 A - 6 bread rations
 D - 2 beef jerkies
 G - 3 fruits


   Skills:
 * Level 6.9 Fighting
 + Level 0.2 Short Blades
 * Level 11.0 Polearms
 + Level 2.6 Throwing
 + Level 2.4 Armour
 * Level 10.8 Dodging
 + Level 5.0 Stealth
 * Level 5.7 Shields
 + Level 1.5 Evocations


You had 9 spell levels left.
You didn't know any spells.

Dungeon Overview and Level Annotations

Branches:
Dungeon (8/15)             Temple (1/1) D:5            Lair (1/8) D:8

Altars:
Ashenzari
Cheibriados
Dithmenos
Elyvilon
Fedhas
Gozag
Kikubaaqudgha
Makhleb
Nemelex Xobeh
Okawaru
Qazlal
Ru
Sif Muna
Trog
Vehumet
Xom
Yredelemnul
Zin
The Shining One

Shops:
D:8 *


Innate Abilities, Weirdness & Mutations

((You revert to your normal form in water.))
((You are very nimble and swift while swimming.))
((You have a pair of small horns on your head.))


Message History

The spiny frog stings you but does no damage.
The water moccasin bites you but does no damage.
The crocodile bites you but does no damage.
You slash the spiny frog!
The spiny frog is severely wounded.
The water moccasin bites you but does no damage.
The spiny frog stings you but does no damage.
The crocodile bites you but does no damage.
The water moccasin bites you but does no damage.
The spiny frog stings you but does no damage.
You barely miss the spiny frog.
The spiny frog is severely wounded.
You hear the faint crackling of a melting archway nearby.
The water moccasin bites you but does no damage.
The spiny frog stings you!
* * * LOW HITPOINT WARNING * * *
The crocodile bites you but does no damage.
The water moccasin bites you but does no damage.
The spiny frog stings you!
You die...

...#...#.........#
###.....#.........#
#.#...#..........
#.....#.........#
#.#....#########.
..#.............
........#.###.#..
...#.....t.......
........♣F.......
#.+#...S†.....$..
.(......#........
#......#........
#......#........
#.......#+#####+
#..h.... #......


You could see a spiny frog, a water moccasin, a crocodile and a wolf
(wandering).

Vanquished Creatures
  Pikel (D:4)
  A spiny frog (Lair:1)
  Sigmund (D:6)
  Eustachio (D:5)
  Edmund (D:4)
  A water moccasin (D:6)
  Duvessa (D:4)
  4 ogres
  An orc warrior (D:8)
  A sky beast (D:8)
  3 phantoms
  A black bear (D:8)
  2 ice beasts (D:8)
  3 centaurs
  3 giant frogs (D:8)
  Dowan (D:4)
  A scorpion (D:6)
  9 killer bees
  2 crimson imps
  An electric eel (D:6)
  A centaur zombie (D:6)
  3 hounds
  A jelly (D:6)
  Crazy Yiuf (D:2)
  2 centaur skeletons
  A giant frog skeleton (D:8)
  Ijyb (D:2)
  7 orc wizards
  3 worker ants
  Terence (D:2)
  A merfolk avatar (Sewer)
  2 sirens (Sewer)
  A killer bee zombie (D:5)
  11 gnolls
  11 adders
  3 river rats (Sewer)
  4 shadow imps
  An adder skeleton (D:4)
  5 worms
  10 giant geckos
  16 orcs
  8 ball pythons
  2 bat skeletons
  A bat zombie (D:7)
  8 giant cockroaches
  16 goblins
  15 hobgoblins
  15 jackals
  13 kobolds
  7 quokkas
  12 bats
  A giant gecko skeleton (D:4)
  9 giant newts
  A quokka skeleton (D:8)
  A quokka zombie (D:7)
  32 rats
  A fungus (D:8)
267 creatures vanquished.

Vanquished Creatures (others)
  A giant frog (D:7)
  3 orcs (D:4)
  A hobgoblin (D:5)
  A jackal (D:5)
  A plant (D:6)
7 creatures vanquished.

Grand Total: 274 creatures vanquished

Notes
Turn   | Place    | Note
--------------------------------------------------------------
     0 | D:1      | Leibowitz the Merfolk Gladiator began the quest for the Orb.
     0 | D:1      | Reached XP level 1. HP: 16/16 MP: 1/1
   217 | D:1      | Reached XP level 2. HP: 23/23 MP: 2/2
   506 | D:1      | Reached skill level 5 in Polearms
  1139 | D:2      | Noticed Ijyb
  1161 | D:2      | Killed Ijyb
  1161 | D:2      | Reached XP level 3. HP: 20/28 MP: 3/3
  1287 | D:2      | Reached XP level 4. HP: 30/34 MP: 4/4
  1697 | D:2      | Noticed Crazy Yiuf
  1706 | D:2      | Killed Crazy Yiuf
  1706 | D:2      | Reached skill level 5 in Dodging
  1861 | D:2      | Noticed Terence
  1875 | D:2      | Killed Terence
  1875 | D:2      | Reached skill level 6 in Polearms
  1875 | D:2      | Reached XP level 5. HP: 41/41 MP: 5/5
  1976 | D:2      | Reached skill level 1 in Shields
  2137 | D:2      | Reached skill level 1 in Armour
  2577 | D:3      | Found a sparkling altar of Nemelex Xobeh.
  2662 | D:3      | Found a glowing drain.
  2677 | D:3      | Reached XP level 6. HP: 47/47 MP: 6/6
  2681 | Sewer    | Entered a sewer
  2963 | Sewer    | Reached skill level 1 in Stealth
  2977 | Sewer    | Noticed a drowned soul
  2980 | Sewer    | Killed a drowned soul
  2983 | Sewer    | Noticed a drowned soul
  2983 | Sewer    | Noticed a drowned soul
  2984 | Sewer    | Noticed a drowned soul
  2986 | Sewer    | Noticed a drowned soul
  2987 | Sewer    | Noticed a drowned soul
  2987 | Sewer    | Killed a drowned soul
  2988 | Sewer    | Killed a drowned soul
  2990 | Sewer    | Killed a drowned soul
  2990 | Sewer    | Killed a drowned soul
  2992 | Sewer    | Noticed a drowned soul
  2993 | Sewer    | Noticed a drowned soul
  2993 | Sewer    | Killed a drowned soul
  3339 | D:3      | Found a glowing silver altar of Zin.
  3864 | D:4      | Reached skill level 7 in Polearms
  3864 | D:4      | Reached XP level 7. HP: 48/53 MP: 7/7
  3964 | D:4      | Noticed Dowan
  3981 | D:4      | Killed Dowan
  4023 | D:4      | Noticed Duvessa
  4038 | D:4      | Killed Duvessa
  4305 | D:4      | Noticed Pikel
  4337 | D:4      | Killed Pikel
  4337 | D:4      | Reached skill level 8 in Polearms
  4337 | D:4      | Reached XP level 8. HP: 23/61 MP: 8/8
  4772 | D:4      | Noticed Edmund
  4793 | D:4      | Killed Edmund
  5047 | D:4      | Found a stormy altar of Qazlal.
  5144 | D:5      | Entered Level 5 of the Dungeon
  5321 | D:5      | Noticed Eustachio
  5334 | D:5      | Killed Eustachio
  5334 | D:5      | Reached skill level 5 in Fighting
  5384 | D:5      | Found a radiant altar of Vehumet.
  5433 | D:5      | Found a staircase to the Ecumenical Temple.
  5443 | Temple   | Entered the Ecumenical Temple
  5457 | Temple   | Became a worshipper of Warmaster Okawaru
  5663 | D:5      | Reached skill level 9 in Polearms
  5663 | D:5      | Reached XP level 9. HP: 62/68 MP: 9/9
  5733 | D:5      | Found a snail-covered altar of Cheibriados.
  6118 | D:6      | Gained mutation: You have a pair of small horns on your head. [potion of beneficial mutation]
  6374 | D:6      | Noticed Sigmund
  6384 | D:6      | Killed Sigmund
  6636 | D:6      | Acquired Okawaru's first power
  6771 | D:7      | Reached skill level 10 in Polearms
  7346 | D:8      | Reached skill level 1 in Evocations
  7418 | D:8      | Reached skill level 10 in Dodging
  7513 | D:8      | Reached skill level 5 in Shields
  7533 | D:8      | Reached XP level 10. HP: 73/77 MP: 11/11
  7682 | D:8      | Found a staircase to the Lair.
  7880 | D:8      | Found Biocifu's Assorted Antiques.
  7943 | D:8      | Bought a scroll labeled HYOLIBAQEJ for 30 gold pieces
  7943 | D:8      | Bought an iridescent scythe for 240 gold pieces
  7964 | D:8      | Identified the +11 scythe of Floods {slice, rC- Str+9 SInv} (You bought it in a shop on level 8 of the Dungeon)
  8502 | D:8      | Reached skill level 5 in Stealth
  8672 | Lair:1   | Entered Level 1 of the Lair of Beasts
  8712 | Lair:1   | Reached skill level 11 in Polearms
  8718 | Lair:1   | Mangled by a spiny frog

Vault maps used:
D:1:      minmay_arrival_radiant_lines, hangedman_decor_push
D:2:      kennysheep_generic_room_6, uniq_iyjb, uniq_terence,
          uniq_crazy_yiuf_cottage
D:3:      zin_statuary, portal_sewer_entry_b, nemelex_diamond_rough_becter
D:4:      kennysheep_mini_moat, first_bread, kennysheep_cluttered_room,
          uniq_edmund, uniq_pikel, uniq_duvessa
D:5:      fiery_altar_vehumet, minmay_temple_entry_overgrown, basic_altar,
          minmay_misc_feat_hallway, uniq_eustachio
D:6:      serial_bayou_pond_a, minmay_crystal_water, uniq_sigmund
D:8:      dpeg_oklobed_lair, serial_shops, shop, kennysheep_generic_room_7
Temple:   nicolae_temple_elliptical
Lair:1:   beast_lair_carwin_large_2, portal_ice_cave_entry_ice_beasts,
          minivault_26, guppyfry_lair_drakes
Sewer:    sewer_sea

Action                   |  1- 3 |  4- 6 |  7- 9 | 10-12 || total
-------------------------+-------+-------+-------+-------++-------
Melee: Trident           |    63 |   327 |   441 |    86 ||   917
       Dagger            |     4 |     7 |    15 |       ||    26
       Spear             |       |       |    13 |       ||    13
       Scythe            |       |       |       |    15 ||    15
 Fire: Blowgun           |       |     4 |     5 |       ||     9
Throw: Javelin           |       |     3 |       |       ||     3
       Throwing net      |       |     4 |     2 |       ||     6
Evoke: Wand              |     1 |       |     9 |       ||    10
  Use: Scroll            |       |     2 |     9 |       ||    11
       Potion            |       |       |    11 |     2 ||    13
 Stab: Sleeping          |     1 |    12 |    15 |     6 ||    34
       Held in net/web   |       |     3 |     3 |       ||     6
       Distracted        |       |     1 |     4 |       ||     5
  Eat: Chunk             |     1 |     8 |    13 |     2 ||    24
